 Dungeon Crawl Stone Soup version 0.20.1-1-g8b1a95d (webtiles) character file.

42 Jazqa the Skirmisher (level 3, 0/63 HPs)
             Began as an Ogre Berserker on Nov 3, 2017.
             Was a Follower of Trog.
             Slain by a gnoll (1 damage)
             ... on level 2 of the Dungeon.
             The game lasted 00:01:05 (835 turns).

Jazqa the Skirmisher (Ogre Berserker)                Turns: 835, Time: 00:01:06

Health: 0/63       AC:  3    Str: 27    XL:     3   Next: 56%
Magic:  3/3        EV: 10    Int:  8    God:    Trog [*.....]
Gold:   44         SH:  0    Dex:  8    Spells: 2/2 levels left

rFire    . . .     SeeInvis .   a - +0 mace
rCold    . . .     Gourm    .   (no shield)
rNeg     + . .     Faith    .   b - +0 animal skin
rPois    .         Spirit   .   (helmet restricted)
rElec    .         Reflect  .   (no cloak)
rCorr    .         Harm     .   (gloves unavailable)
MR       .....                  (boots unavailable)
Stlth    ..........             (no amulet)
Regen    0.2/turn               N - ring of positive energy
MPRegen  0.1/turn               (no ring)

@: berserking (expiring), lethally poisoned (0 -> 0), very quick
A: unfitting armour, tough skin 1
a: Berserk, Burn Spellbooks, Renounce Religion


You were on level 2 of the Dungeon.
You worshipped Trog.
Trog was aware of your devotion.
You were hungry.

You visited 1 branch of the dungeon, and saw 2 of its levels.

You collected 44 gold pieces.


Innate Abilities, Weirdness & Mutations

You are too large for most types of armour.
You have tough skin. (AC +1)


   Skills:
 + Level 5.2 Fighting
 + Level 3.3 Maces & Flails
 - Level 2.6 Dodging


You had 2 spell levels left.
You didn't know any spells.

Inventory:

Hand Weapons
 a - a +0 mace (weapon)
Armour
 b - a +0 animal skin (worn)
Jewellery
 N - a ring of positive energy (left hand)
Scrolls
 d - a scroll of fog {unknown}
 e - a scroll of identify {unknown}
 f - a scroll of magic mapping {unknown}
 j - a scroll of recharging {unknown}
Potions
 h - a potion of flight {unknown}
Comestibles
 c - a bread ration {@e1}
 g - a royal jelly {@e3}
 i - a chunk of flesh

Dungeon Overview and Level Annotations

Branches:
Dungeon (2/15)

Altars:

Annotations:
D:2 Sigmund

### #...
....?.# #
#.....# ##.
..#..#...
..[.#.#
.g.{.##[#
#.####gg.....#
#.....@g#
#####.†.#
#..(# #...#
#...# #$..#
#...# #.#.#


You could see 3 gnolls and a goblin.


Message History

The gnoll barely misses you.
Unknown command.
You thump the gnoll!
The gnoll is heavily wounded.
Something hits you but does no damage. The gnoll hits you.
* * * LOW HITPOINT WARNING * * *
The goblin hits you but does no damage.
Unknown command.
You closely miss the gnoll.
The gnoll is heavily wounded.
The gnoll barely misses you. The gnoll misses you. Something hits you.
* * * LOW HITPOINT WARNING * * *
The gnoll hits you!
* * * LOW HITPOINT WARNING * * *
Unknown command.
You barely miss the gnoll.
The gnoll is heavily wounded.
You feel sick.
The goblin hits you with an uncursed club.
* * * LOW HITPOINT WARNING * * *
The gnoll hits you.
* * * LOW HITPOINT WARNING * * *
The gnoll closely misses you.
You hit the gnoll.
The gnoll is severely wounded.
The gnoll barely misses you.
The goblin hits you with an uncursed club.
* * * LOW HITPOINT WARNING * * *
The gnoll hits you.
You die...

Skill      XL: |  1  2 |
---------------+-------+-----
Maces & Flails | 3 |  3.3
Fighting       | 5 |  5.2
Dodging        | |  2.6

Action                   || total
-------------------------++-------
Melee: Mace              ||    64
Invok: Berserk           ||     1
Armor: Animal skin       ||    23
Dodge: Dodged            ||    61

Vault maps used:
D:1:      tarquinn_simple_flora_water_e, minmay_pentomino_q4
D:2:      first_bread, st_stairs_11, uniq_sigmund

Notes
Turn   | Place    | Note
-------+----------+-------------------------------------------
     0 | D:1      | Jazqa the Ogre Berserker began the quest for the Orb.
     0 | D:1      | Reached XP level 1. HP: 24/24 MP: 1/1
    94 | D:1      | Reached XP level 2. HP: 30/33 MP: 2/2
   388 | D:1      | Reached skill level 3 in Maces & Flails
   780 | D:2      | Noticed Sigmund
   825 | D:2      | Reached skill level 5 in Fighting
   825 | D:2      | Reached XP level 3. HP: 42/42 MP: 3/3
   834 | D:2      | HP: 3/63 [gnoll (4)]
   835 | D:2      | HP: 1/63 [goblin/uncursed club (2)]
   835 | D:2      | Slain by a gnoll

Vanquished Creatures
  2 adders (D:2)
  A dart slug (D:1)
  A leopard gecko (D:1)
  3 giant cockroaches (D:1)
  2 goblins (D:1)
  5 hobgoblins
  3 bats (D:1)
  A kobold (D:1)
  3 rats (D:1)
21 creatures vanquished.
